 Dungeon Crawl Stone Soup version 0.21-a0-349-g0c35859 (webtiles) character file.

46 Ikkuss the Insei (level 3, -4/28 HPs)
             Began as a Gnoll Transmuter on Oct 8, 2017.
             Killed from afar by Natasha (8 damage)
             ... with a magic dart
             ... on level 2 of the Dungeon.
             The game lasted 00:04:25 (950 turns).

Ikkuss the Insei (Gnoll Transmuter)                  Turns: 950, Time: 00:04:26

Health: -4/28      AC:  2    Str: 13    XL:     3   Next: 66%
Magic:  7/9        EV: 14    Int: 15    God:
Gold:   40         SH:  0    Dex: 15    Spells: 9/12 levels left

rFire    . . .     SeeInvis .   h - +0 spear
rCold    . . .     Gourm    .   (no shield)
rNeg     . . .     Faith    .   b - +0 robe
rPois    .         Spirit   .   (no helmet)
rElec    .         Reflect  .   (no cloak)
rCorr    .         Harm     .   (no gloves)
MR       +....                  (no boots)
Stlth    +.........             (no amulet)
HPRegen  0.09/turn              i - ring of protection from magic
MPRegen  0.11/turn              (no ring)

@: lethally poisoned (-4 -> -6), appendage
A: distributed training, fangs 1, hooves 1, horns 2, strong nose
a: End Transformation


You were on level 2 of the Dungeon.
You were not hungry.
You had grown temporary horns.
You visited 1 branch of the dungeon, and saw 2 of its levels.

You collected 40 gold pieces.

Inventory:

Hand Weapons
 h - a +0 spear (weapon)
Missiles
 a - 5 arrows
Armour
 b - a +0 robe (worn)
 e - a +0 shield
Jewellery
 i - a ring of protection from magic (left hand)
Books
 c - a book of Changes

   Spells                             Type                      Level
   a - Beastly Appendage              Transmutation                1
   b - Sticks to Snakes               Transmutation                2
   c - Spider Form                    Transmutation/Poison         3
   d - Ice Form                       Ice/Transmutation            4
   e - Blade Hands                    Transmutation                5
Comestibles
 d - 3 bread rations
 f - 4 chunks of flesh
 g - a royal jelly
 k - 2 fruits


   Skills:
 + Level 2.6 Fighting
 + Level 0.9 Short Blades
 + Level 0.9 Long Blades
 + Level 0.9 Axes
 + Level 0.9 Maces & Flails
 + Level 0.9 Polearms
 + Level 0.9 Staves
 + Level 0.9 Slings
 + Level 0.9 Bows
 + Level 0.9 Crossbows
 + Level 0.9 Throwing
 + Level 0.9 Armour
 + Level 4.5 Dodging
 + Level 0.9 Stealth
 + Level 0.9 Shields
 + Level 6.5 Unarmed Combat
 + Level 5.0 Spellcasting
 + Level 0.9 Conjurations
 + Level 0.9 Hexes
 + Level 0.9 Charms
 + Level 0.9 Summonings
 + Level 0.9 Necromancy
 + Level 0.9 Translocations
 + Level 4.5 Transmutations
 + Level 0.9 Fire Magic
 + Level 0.9 Ice Magic
 + Level 0.9 Air Magic
 + Level 0.9 Earth Magic
 + Level 0.9 Poison Magic
 + Level 0.9 Invocations
 + Level 0.9 Evocations


You had 9 spell levels left.
You knew the following spells:

 Your Spells              Type           Power        Failure   Level  Hunger
a - Beastly Appendage     Tmut           ###...       2%          1    None
b - Sticks to Snakes      Tmut           ###.....     3%          2    ##.....


Dungeon Overview and Level Annotations

Branches:
Dungeon (2/15)

Altars:

Annotations:
D:2 Natasha


Innate Abilities, Weirdness & Mutations

Your experience applies equally to all skills.
You have very sharp teeth.
Your uncanny sense of smell can sniff out nearby items.
You have large cloven feet.
You have a pair of horns on your head.


Message History

* * * LOW HITPOINT WARNING * * *
The shadow imp misses you.
Attack whom?
Press: ? - help, Dir - move target cursor, f/p - Natasha
Aim: Natasha You reach to attack!
You closely miss Natasha. The giant cockroach closely misses you.
The shadow imp barely misses you.
Attack whom?
Press: ? - help, Dir - move target cursor, f/p - Natasha
Aim: Natasha The shadow imp is in the way.
You hit the shadow imp but do no damage.
You kick the shadow imp, but do no damage.
The shadow imp is almost dead.
You feel sick.
The shadow imp disappears in a puff of smoke!
The giant cockroach misses you. Natasha casts a spell at you.
The magic dart hits you!
You die...

#.........#..
+............
#.........≈≈≈
##.......≈≈≈≈
##.....#≈≈w≈
##.55## ≈≈≈
##h## ≈≈ #§#
# #@# #s#
#.....#
#..........
#...(...####
#.##.#### ..
#.# ∆## #.#
#.#


You could see Natasha, a crimson imp, a shadow imp and a giant cockroach.

Vanquished Creatures
  Natasha (D:2)
  An adder (D:2)
  A worm (D:2)
  3 goblins
  A hobgoblin (D:1)
  3 bats
  2 frilled lizards (D:1)
  A kobold (D:1)
  A rat (D:1)
14 creatures vanquished.

Vanquished Creatures (collateral kills)
  A bat (D:2)
  A kobold (D:1)
  A frilled lizard (D:2)
3 creatures vanquished.

Grand Total: 17 creatures vanquished

Notes
Turn   | Place    | Note
-------+----------+-------------------------------------------
     0 | D:1      | Ikkuss the Gnoll Transmuter began the quest for the Orb.
     0 | D:1      | Reached XP level 1. HP: 17/17 MP: 6/6
   297 | D:1      | Reached XP level 2. HP: 21/23 MP: 5/7
   353 | D:1      | Learned a level 2 spell: Sticks to Snakes
   871 | D:2      | Noticed Natasha
   885 | D:2      | Killed Natasha
   885 | D:2      | Reached skill level 5 in Spellcasting
   885 | D:2      | Reached XP level 3. HP: 27/28 MP: 3/9
   930 | D:2      | Noticed Natasha
   940 | D:2      | Gained mutation: You have large cloven feet. [potion of mutation]
   950 | D:2      | Killed from afar by Natasha

Vault maps used:
D:1:      lemuel_arrival_funnel
D:2:      kennysheep_slug_shrine, fedhas_altar_2, uniq_natasha

Skill      XL: |  1  2 |
---------------+-------+-----
Spellcasting   | 5 |  5.0
Fighting       | |  2.6
Short Blades   | |  0.9
Long Blades    | |  0.9
Axes           | |  0.9
Maces & Flails | |  0.9
Polearms       | |  0.9
Staves         | |  0.9
Slings         | |  0.9
Bows           | |  0.9
Crossbows      | |  0.9
Throwing       | |  0.9
Armour         | |  0.9
Dodging        | |  4.5
Stealth        | |  0.9
Shields        | |  0.9
Unarmed Combat | |  6.5
Conjurations   | |  0.9
Hexes          | |  0.9
Charms         | |  0.9
Summonings     | |  0.9
Necromancy     | |  0.9
Translocations | |  0.9
Transmutations | |  4.5
Fire Magic     | |  0.9
Ice Magic      | |  0.9
Air Magic      | |  0.9
Earth Magic    | |  0.9
Poison Magic   | |  0.9
Invocations    | |  0.9
Evocations     | |  0.9

Action                   || total
-------------------------++-------
Melee: Spear             ||    41
       Unarmed           ||     7
       Headbutt          ||     5
       Kick              ||     4
       Bite              ||     3
       Punch             ||     1
 Cast: Beastly Appendage ||    11
       Sticks to Snakes  ||     7
  Use: Scroll            ||     4
       Potion            ||     1
 Stab: Sleeping          ||     1
Armor: Robe              ||     5
Dodge: Dodged            ||    46

Table legend:
 A = Spawn XP
 B = Non-spawn XP
 C = Spawn XP percentage of total XP
 D = Spawn monster count
 E = Non-spawn monster count
 F = Spawn count percentage of total count
 G = Total turns spent on level
                    A         B        C        D         E        F      G
               +---------+---------+-------+---------+---------+-------+---------
         Total |       0 |      66 |   0.0 |       0 |      17 |   0.0 |   950
               +---------+---------+-------+---------+---------+-------+---------
           D:1 |       0 |      13 |   0.0 |       0 |      10 |   0.0 |   623
           D:2 |       0 |      53 |   0.0 |       0 |       7 |   0.0 |   327
               +---------+---------+-------+---------+---------+-------+---------
